AoeStats
← Jim_Raynor

Nomad

509438191Analyzed
3v3 RM · 5d ago on Sep 26, 2026· 46m 7s· 6 players
Game mode
Random Map
Map size
210×210
Population
200
Speed
Normal
Resources
Standard
Victory
Conquest
Starting age
Dark Age
Ending age
Imperial Age
RankedLock teamsTeams togetherTeam positionsShared explorationLock speedFull tech treeHidden civsTurbo modeCheats
Victory
Defeat
🇦🇷 Turks · Argentina
1226
+14
🇫🇷 Celts · France
1213
+14
🇨🇦 Japanese · Canada
1193
+16
🇦🇷 Wei · Argentina
1198
-15
🇦🇷 Cumans · Argentina
1186
-15
🇦🇷 Lithuanians · Argentina
1153
-14
Grand.Saladier
5:04 Loom
12:43 Feudal Age
14:59 Double-Bit Axe
18:59 Castle Age
17:47 Gold Mining
23:14 Imperial Age
21:26 Bow Saw
22:00 Gold Shaft Mining
23:24 Fletching
25:26 Bodkin Arrow
26:22 Ballistics
27:38 Wheelbarrow
29:16 Padded Archer Armor
30:29 Thumb Ring
30:51 Stone Mining
32:03 Bracer
32:40 Horse Collar
33:28 Leather Archer Armor
36:51 Chemistry
37:16 Hand Cart
37:13 Guard Tower
39:17 Keep
39:09 Conscription
41:56 Parthian Tactics
42:02 Town Watch
Iced0ux
4:37 Loom
14:54 Feudal Age
15:57 Double-Bit Axe
15:55 Horse Collar
19:10 Castle Age
20:32 Bow Saw
20:25 Heavy Plow
22:07 Wheelbarrow
21:21 Town Watch
24:06 Pikeman
25:01 Forging
25:41 Scale Mail Armor
31:04 Gold Mining
31:05 Stone Mining
33:34 Gold Shaft Mining
36:16 Stone Shaft Mining
38:48 Imperial Age
37:24 Ballistics
39:22 Iron Casting
39:02 Chain Mail Armor
39:54 Heavy Scorpion
39:59 Halberdier
41:42 Chemistry
41:49 Blast Furnace
41:16 Capped Ram
42:56 Siege Ram
Jim_Raynor
5:29 Loom
13:44 Feudal Age
18:35 Castle Age
17:10 Double-Bit Axe
17:07 Horse Collar
17:33 Fishing Lines
19:32 Husbandry
19:48 Town Watch
20:39 Wheelbarrow
20:27 Bloodlines
25:09 Hand Cart
26:13 Forging
26:40 Scale Barding Armor
33:58 Imperial Age
31:23 Fletching
31:51 Bow Saw
32:42 Gold Mining
32:44 Stone Mining
33:39 Thumb Ring
34:30 Bodkin Arrow
34:37 Padded Archer Armor
34:58 Ballistics
35:30 Conscription
35:48 Bombard Tower
37:45 Parthian Tactics
37:21 Murder Holes
37:07 Treadmill Crane
38:19 Artillery
37:55 Heavy Cavalry Archer
38:51 Bracer
39:36 Leather Archer Armor
40:29 Sipahi
41:11 Ring Archer Armor
41:02 Chain Barding Armor
42:04 Town Patrol
43:06 Two-Man Saw
42:07 Heavy Plow
45:32 Iron Casting
45:33 Plate Barding Armor
45:02 Capped Ram
Patadas al tobillo
4:16 Loom
13:24 Feudal Age
18:16 Castle Age
17:45 Double-Bit Axe
18:34 Town Watch
21:39 Scale Barding Armor
23:32 Horse Collar
24:16 Medium Warships
25:06 Wheelbarrow
27:37 Bloodlines
29:30 Forging
30:56 Chain Barding Armor
30:56 Heavy Plow
31:49 Bow Saw
36:53 Imperial Age
35:15 Hand Cart
35:39 Husbandry
36:16 Iron Casting
36:22 Fishing Lines
36:44 Fletching
37:06 Cavalier
38:22 Plate Barding Armor
38:37 Bodkin Arrow
41:43 Chemistry
40:54 Paladin
PidoVAR
4:53 Loom
13:15 Feudal Age
13:41 Double-Bit Axe
13:50 Gold Mining
15:21 Horse Collar
16:46 Stone Mining
20:45 Castle Age
20:03 Fishing Lines
21:55 Bow Saw
21:54 Heavy Plow
23:16 Wheelbarrow
25:40 Fletching
26:35 Pikeman
27:59 Bodkin Arrow
33:08 Scale Barding Armor
33:07 Husbandry
33:18 Bloodlines
34:35 Ballistics
39:28 Imperial Age
37:15 Hand Cart
39:02 Chain Barding Armor
40:02 Gold Shaft Mining
41:32 Stone Shaft Mining
42:44 Chemistry
43:25 Forging
43:15 Bracer
43:03 Heavy Scorpion
La Gorda de Anoche
3:29 Loom
15:28 Feudal Age
16:31 Double-Bit Axe
16:35 Fishing Lines
21:18 Castle Age
22:06 Gillnets
23:21 Medium Warships
24:24 Horse Collar
27:34 Bloodlines
27:44 Town Watch
32:07 Scale Barding Armor
32:03 Scale Mail Armor
32:13 Forging
34:17 Chain Mail Armor
34:22 Chain Barding Armor
36:53 Padded Archer Armor
36:43 Fletching
38:00 Leather Archer Armor
37:45 Gold Mining
39:35 Chain Barding Armor
39:51 Iron Casting
39:38 Ballistics
41:12 Steppe Husbandry
45:25 Imperial Age
43:24 Bodkin Arrow
Connection lost

Rejoining the realm…

Still unreachable

The connection could not be restored.

Session expired

The server has moved on; the page needs a fresh start.